 Dungeon Crawl Stone Soup version 0.30.1-11-g7821555f0a (webtiles) character file.

Game seed: 1413468861067827789

2408950 Valeaz the Conqueror (level 27, 242/249 HPs)
             Began as a Formicid Fighter on Dec 15, 2023.
             Was a High Priest of Okawaru.
             Escaped with the Orb
             ... and 4 runes!
             The game lasted 05:09:18 (68522 turns).

Valeaz the Conqueror (Formicid Fighter)            Turns: 68522, Time: 05:09:19

Health: 242/249    AC: 36    Str: 37      XL:     27
Magic:  37/37      EV:  7    Int:  7      God:    Okawaru [*****.]
Gold:   4631       SH: 35    Dex: 22 (23) Spells: 26/26 levels left

rFire   + + +        c - +9 executioner's axe (elec)
rCold   + + .        N - +18 shield of the Gong {Loud rN+ Will+ rCorr EV-5}
rNeg    + + +        z - +12 gold dragon scales
rPois   +            (helmet unavailable)
rElec   +            t - scarf "Joesewo" {repulsion, +Blink}
rCorr   +            d - +0 pair of gloves of Wariness {rC+ Str+3 Dex+4}
SInv    +            X - +1 pair of boots of Weirdness {*Slow +Blink rF++ Dex+8}
Will    ++++.        B - amulet of the Threshing Gods {+Inv Regen+ Slay+3} Stlth
                     Y - ring of Ruakux {Drain rF+ Will+ Str+2 Slay+6}
HPRegen 1.41/turn    A - ring "Zippor" {Fly rElec rN+++ Int-2 SInv}
MPRegen 0.25/turn

%: slow self (1%), repel missiles
@: flying, studying 2 skills
A: permanent stasis, dig shafts and tunnels, antennae 3, four strong arms,
talons 1, clumsy 1, deformed body, deterioration 1, weak 1, evolution 1
0: Orb of Zot
}: 4/15 runes: barnacled, slimy, silver, gossamer
a: Dig, Shaft Self, Renounce Religion, Evoke Invisibility, Heroism, Finesse,
Duel


You escaped.
You worshipped Okawaru.
Okawaru was extremely pleased with you.
You visited 14 branches of the dungeon, and saw 58 of its levels.
You visited 1 bazaar.
You also visited: Sewer, Ossuary, Gauntlet, Ice Cave and Volcano.

You collected 9777 gold pieces.
You spent 5146 gold pieces at shops.

Inventory:

Hand Weapons
 c - a +9 executioner's axe of electrocution (weapon)
 w - a +5 demon trident of freezing
 C - the +2 battleaxe of Qiexida {freeze, Str+4 Int+3 Dex+2}
   (You found it on level 2 of the Depths)

   Str:       It affects your strength (+4).
   Int:       It affects your intelligence (+3).
   Dex:       It affects your dexterity (+2).
 G - a +4 battleaxe of venom
 I - the +6 shillelagh "Devastator" {shatter}
   (You found it on level 5 of the Vaults)
 U - the +8 giant club of Nus Ymow {venom, *Corrode rPois Int+3}
   (Okawaru gifted it to you on level 2 of the Realm of Zot)

   Int:       It affects your intelligence (+3).
   rPois:     It protects you from poison.
   *Corrode:  It may corrode you when you take damage.
 W - the +3 battleaxe "Haduq" {flame, +Blink}
   (Okawaru gifted it to you on level 4 of the Vaults)

   +Blink:    It lets you blink.
Missiles
 e - 17 silver javelins
Armour
 d - the +0 pair of gloves of Wariness (worn) {rC+ Str+3 Dex+4}
   (You found it on level 4 of the Depths)

   Str:       It affects your strength (+3).
   Dex:       It affects your dexterity (+4).
   rC:        It protects you from cold.
 t - the scarf "Joesewo" (worn) {repulsion, +Blink}
   (Okawaru gifted it to you on level 3 of the Lair of Beasts)

   +Blink:    It lets you blink.
 z - +12 gold dragon scales (worn)
 M - a +10 plate armour of fire resistance
 N - the +18 shield of the Gong (worn) {Loud rN+ Will+ rCorr EV-5}
   (You took it off a minotaur in a Gauntlet)

   Loud:      It is deafeningly noisy when blocking attacks.
   EV:        It affects your evasion (-5).
   rN:        It protects you from negative energy.
   rCorr:     It protects you from acid and corrosion.
   Will:      It increases your willpower.
 X - the +1 pair of boots of Weirdness (worn) {*Slow +Blink rF++ Dex+8}
   (You found it on level 3 of the Vaults)

   Dex:       It affects your dexterity (+8).
   rF:        It greatly protects you from fire.
   +Blink:    It lets you blink.
   *Slow:     It may slow you when you take damage.
Jewellery
 m - the ring of the Hare {EV+10}
   (You found it on level 4 of the Shoals)

   [ring of evasion]

   EV:        It affects your evasion (+10).
 n - the amulet of the Devil's Advocate {rPois Regen+ Stlth+}
   (You took it off an ironbound convoker on level 5 of the Vaults)

   [amulet of regeneration]

   rPois:     It protects you from poison.
   Regen:     It increases your rate of health regeneration.
   Stlth:     It makes you more stealthy.
 A - the ring "Zippor" (right hand) {Fly rElec rN+++ Int-2 SInv}
   (You bought it in a shop on level 1 of the Depths)

   [ring of see invisible]

   Int:       It affects your intelligence (-2).
   rElec:     It insulates you from electricity.
   rN:        It renders you almost immune to negative energy.
   SInv:      It lets you see invisible.
   Fly:       It grants you flight.
 B - the amulet of the Threshing Gods (around neck) {+Inv Regen+ Slay+3}
   (You bought it in a shop on level 1 of the Depths)

   [amulet of regeneration]

   Slay:      It affects your accuracy & damage with ranged weapons and melee
   (+3).
   +Inv:      It lets you turn invisible.
   Regen:     It increases your rate of health regeneration.
 Y - the ring of Ruakux (left hand) {Drain rF+ Will+ Str+2 Slay+6}
   (You found it on level 5 of the Vaults)

   [ring of willpower]

   Str:       It affects your strength (+2).
   Slay:      It affects your accuracy & damage with ranged weapons and melee
   (+6).
   rF:        It protects you from fire.
   Drain:     It drains your maximum health when unequipped.
   Will:      It increases your willpower.
Wands
 f - a wand of roots (67)
 k - a wand of light (13)
 E - a wand of flame (170)
 Q - a wand of paralysis (39)
 R - a wand of digging (5) (quivered)
 S - a wand of polymorph (33)
 Z - a wand of mindburst (45)
Scrolls
 a - 8 scrolls of enchant armour
 b - 9 scrolls of fog
 h - 2 scrolls of magic mapping
 i - 17 scrolls of fear
 r - 2 scrolls of brand weapon
 v - 13 scrolls of noise
 y - 3 scrolls of silence
 T - 13 scrolls of immolation
Potions
 g - 27 potions of curing
 j - 9 potions of attraction
 o - 7 potions of lignification
 p - 10 potions of ambrosia
 s - 6 potions of brilliance
 x - 6 potions of magic
 D - 5 potions of invisibility
 F - 5 potions of might
 H - 7 potions of cancellation
 J - 8 potions of heal wounds
 K - 5 potions of resistance
Miscellaneous
 q - a phantom mirror
 u - a lightning rod (4/4)
 L - a phial of floods
 O - the horn of Geryon
 P - a condenser vane
 V - a box of beasts


   Skills:
 O Level 27 Fighting
 O Level 27 Axes
 + Level 23.8 Armour
 - Level 6.0 Dodging
 + Level 21.3 Shields
 - Level 21.0 Invocations
 - Level 24.1 Evocations


You had 26 spell levels left.
You didn't know any spells.
Your spell library contained the following spells:

 Spells                   Type           Power      Damage    Failure   Level
 Beastly Appendage        Tmut           0%         N/A       95%         1
 Magic Dart               Conj           0%         1d3       95%         1
 Necrotise                Necr           0%         1d4       95%         1
 Sandblast                Erth           0%         2d4       95%         1
 Sting                    Tmut/Pois      0%         1d3       95%         1
 Ensorcelled Hibernation  Hex/Ice        0%         N/A       99%         2
 Lesser Beckoning         Tloc           0%         N/A       99%         2
 Momentum Strike          Conj/Tloc      0%         3d8       99%         2
 Passwall                 Tmut/Erth      0%         N/A       99%         2
 Poisonous Vapours        Pois/Air       0%         N/A       99%         2
 Scorch                   Fire           0%         2d5       99%         2
 Searing Ray              Conj           0%         2d4       99%         2
 Static Discharge         Conj/Air       0%         2-2/arc   99%         2
 Sublimation of Blood     Necr           0%         N/A       99%         2
 Wereblood                Tmut           0%         N/A       99%         2
 Confusing Touch          Hex            0%         N/A       100%        3
 Frozen Ramparts          Ice            0%         1d1       100%        3
 Gell's Gravitas          Tloc           0%         N/A       100%        3
 Hailstorm                Conj/Ice       0%         3d3       100%        3
 Ignite Poison            Fire/Tmut/Pois 0%         N/A       100%        3
 Inner Flame              Hex/Fire       0%         N/A       100%        3
 Mephitic Cloud           Conj/Pois/Air  0%         N/A       100%        3
 Ozocubu's Armour         Ice            0%         N/A       100%        3
 Spider Form              Tmut/Pois      0%         N/A       100%        3
 Stone Arrow              Conj/Erth      0%         3d7       100%        3
 Teleport Other           Tloc           0%         N/A       100%        3
 Vampiric Draining        Necr           0%         2d6       100%        3
 Airstrike                Air            0%         2d(0-16)  100%        4
 Anguish                  Hex/Necr       0%         N/A       100%        4
 Cause Fear               Hex            0%         N/A       100%        4
 Flame Wave               Conj/Fire      0%         2d4       100%        4
 Fulminant Prism          Conj/Hex       0%         3d5       100%        4
 Ice Form                 Ice/Tmut       0%         N/A       100%        4
 Manifold Assault         Tloc           0%         N/A       100%        4
 Sticky Flame             Conj/Fire      0%         2d3       100%        4
 Agony                    Necr           0%         N/A       100%        5
 Arcjolt                  Conj/Air       0%         1d10      100%        5
 Blade Hands              Tmut           0%         N/A       100%        5
 Borgnjor's Vile Clutch   Necr/Erth      0%         N/A       100%        5
 Fireball                 Conj/Fire      0%         3d3       100%        5
 Freezing Cloud           Conj/Ice/Air   0%         6-21      100%        5
 Irradiate                Conj/Tmut      0%         3d11      100%        5
 Iskenderun's Battlesphe  Conj           0%         2d6       100%        5
 Metabolic Englaciation   Hex/Ice        0%         N/A       100%        5
 Yara's Violent Unravell  Hex/Tmut       0%         3d3       100%        5
 Conjure Ball Lightning   Conj/Air       0%         3x3d6     100%        6
 Dispersal                Tloc           0%         N/A       100%        6
 Eringya's Noxious Bog    Tmut/Pois      0%         N/A       100%        6
 Iron Shot                Conj/Erth      0%         9d1       100%        6
 Dragon Form              Tmut           0%         N/A       100%        7
 Enfeeble                 Hex            0%         N/A       100%        7
 Orb of Destruction       Conj           0%         9d5       100%        7
 Ozocubu's Refrigeration  Ice            0%         4d7       100%        7
 Storm Form               Tmut/Air       0%         N/A       100%        7
 Borgnjor's Revivificati  Necr           0%         N/A       100%        8
 Disjunction              Tloc           0%         N/A       100%        8
 Lehudib's Crystal Spear  Conj/Erth      0%         10d2      100%        8
 Maxwell's Capacitive Co  Air            0%         ∞         100%        8
 Necromutation            Tmut/Necr      0%         N/A       100%        8
 Chain Lightning          Conj/Air       0%         N/A       100%        9
 Death's Door             Necr           0%         N/A       100%        9
 Fire Storm               Conj/Fire      0%         5d1       100%        9
 Shatter                  Erth           0%         3d5*      100%        9
 Blink                    Tloc           Unusable   N/A       N/A         2
 Call Imp                 Summ           Unusable   N/A       N/A         2
 Vhi's Electric Charge    Tloc/Air       Unusable   N/A       N/A         3
 Animate Armour           Summ/Erth      Unusable   N/A       N/A         4
 Summon Ice Beast         Ice/Summ       Unusable   N/A       N/A         4
 Summon Lightning Spire   Summ/Air       Unusable   N/A       N/A         4
 Summon Forest            Summ/Tloc      Unusable   N/A       N/A         5
 Simulacrum               Ice/Necr       Unusable   N/A       N/A         6
 Summon Cactus Giant      Summ           Unusable   N/A       N/A         6
 Spellforged Servitor     Conj/Summ      Unusable   N/A       N/A         7
 Summon Hydra             Summ           Unusable   N/A       N/A         7
 Infestation              Necr           Unusable   N/A       N/A         8
 Dragon's Call            Summ           Unusable   N/A       N/A         9

Dungeon Overview and Level Annotations

Branches:
Dungeon (15/15)            Temple (1/1) D:7            Lair (5/5) D:11
 Shoals (4/4) Lair:3       Spider (4/4) Lair:3        Slime (5/5) Lair:5
    Orc (2/2) D:10            Elf (3/3) Orc:2        Vaults (5/5) D:13
  Crypt (3/3) Vaults:2       Tomb (1/3) Crypt:3      Depths (4/4) D:15
   Hell (visited)             Dis (0/7) Hell            Geh (0/7) Hell
    Coc (0/7) Hell            Tar (0/7) Hell            Zot (5/5) Depths:4
  Sewer (visited)         Ossuary (visited)           IceCv (visited)
Volcano (visited)         Gauntlet (visited)

Altars:
Ashenzari
Cheibriados
Dithmenos
Elyvilon
Fedhas
Gozag
Hepliaklqana
Kikubaaqudgha
Makhleb
Nemelex Xobeh
Okawaru
Qazlal
Ru
Sif Muna
Trog
Uskayaw
Vehumet
Wu Jian
Xom
Yredelemnul
Zin
The Shining One
Lugonu

Shops:
D:2 ?   D:4 (   D:7 **   D:14 !   Orc:1 ?(   Orc:2 *([*=   Shoals:2 =
Shoals:4 [(*   Depths:1 =::   Depths:4 [

Portals:
Hell: Depths:1 Depths:2 Depths:3 Depths:4
Abyss: Depths:3
Pandemonium: Depths:2 Depths:3
Ziggurat: Depths:3

Annotations:
Zot:2 4 transporters


Innate Abilities, Weirdness & Mutations

You cannot be hasted, slowed, berserked, paralysed or teleported.
You can dig through walls and to a lower floor.
You have a pair of large antennae on your head. (SInv)
Your four strong arms can wield two-handed weapons with a shield.
You have sharp toenails.
You are clumsy. (Dex -2)
Armour fits poorly on your strangely shaped body.
Your body sometimes deteriorates upon taking damage.
You are weak. (Str -2)
You have hidden genetic potential.


Message History

The balrug is wielding a +2 demon whip of electrocution.
A sun demon comes into view.
The sun demon shouts! x3
The sun demon moves out of view.
There is a staircase leading out of the dungeon here.
As you read the scroll of fear, it crumbles to dust.
You assume a fearsome visage.
The balrug resists with almost no effort.
The sun demon resists with almost no effort.
The sun demon looks frightened! x2
Unknown command.
Really read the scroll of immolation?
As you read the scroll of immolation, it crumbles to dust.
The creatures around you are filled with an inner flame!
The balrug gestures at you.
The fireball explodes!
The fireball engulfs the sun demon.
The sun demon completely resists.
The fireball engulfs you. You resist.
The fireball engulfs the balrug.
The balrug completely resists.
Cornered, the sun demon turns to fight!
You block the sun demon's attack.
GONNNNG!
You hear a roar! x2
You slash the sun demon!
Flame seeps out of the sun demon.
The sun demon is moderately wounded.
Cornered, the sun demon turns to fight!
You block the sun demon's attack.
GONNNNG!
You open the sun demon like a pillowcase!!!
Okawaru accepts your kill.
The sun demon explodes!
The fiery explosion engulfs you. You resist.
The fiery explosion engulfs the balrug.
The balrug completely resists.
The fiery explosion engulfs the sun demon.
The sun demon completely resists.
You are engulfed in blazing flames.
You resist. The balrug gestures at you.
The fireball explodes!
The fireball engulfs you. You resist.
Your life force feels restored.
Unknown command.
There is a staircase leading out of the dungeon here.
You block the sun demon's attack.
GONNNNG!
You have escaped!

#..#.##...##.#.#.................
..................########..#...#
...#.##..###.####.## #..#..##
.#.......###.#.....#######..#..##
.###.........#...................
.# #.##......{..[...........#.###
.# #.........########.#.#...#.#.#
.# #.......###.....##.#.#........
## #.......##..)@...#.#.#....##.#
#......{###.§32.##.#.#....##.#
####.#####.# ###'###.............
...........###.§3§(####.#...###.#
####.#######(..((3...##.#..## #..
...#.####.'....(8(.((('....# #.#
...#......##(.((.((((##2...####.#
.........#####(.((.###...........
.........#############...........


You could see a balrug (inner flame) and 3 sun demons.

Vanquished Creatures
  the Royal Jelly (Slime:5)
  6 ancient liches
  6 dread liches
  12 orbs of fire
  The ghost of SacredBeard the Messiah, a legendary HOFi of Beogh (Zot:5)
  Mennas (Depths:4)
  The ghost of bimbombam the Axe Maniac, a master MiFi of Okawaru (Zot:3)
  The ghost of Xenat the Impregnable, a veteran MiGl of Hepliaklqana (Crypt:1)
  Josephina (Crypt:2)
  A shard shrike (Zot:4)
  A royal mummy (Tomb:1)
  Parghit (Zot:2)
  4 Killer Klowns
  Margery (Depths:3)
  Xtahua (Depths:3)
  6 curse toes
  Geryon (Hell)
  Jory (Depths:3)
  The ghost of Gemnonof the Warrior, an adept DgCj (Depths:4)
  Nikola (Spider:3)
  15 golden dragons
  A profane servitor (Zot:3)
  A bone dragon (Depths:4)
  Arachne (Spider:3)
  3 electric golems
  2 doom hounds (Crypt:1)
  5 liches
  20 tentacled monstrosities
  An Ice Fiend (Depths:2)
  A walking earthen tome (Depths:3)
  Grunn (Crypt:1)
  28 Orb Guardians
  8 titans
  8 quicksilver dragons
  2 deep elf blademasters
  A walking divine tome (Depths:3)
  11 death cobs
  23 acid blobs
  3 Executioners
  2 deep elf master archers (Elf:3)
  Polyphemus (Shoals:2)
  3 walking frostbound tomes (Depths:3)
  Gastronok (Orc:1)
  4 ancient champions
  9 sphinxes
  11 shadow dragons
  14 storm dragons
  A storm dragon (shapeshifter) (Vaults:5)
  The ghost of Ivernyr the Stickfighter, an adept FoFi of Wu Jian (Elf:3)
  10 draconian monks
  Donald (Spider:4)
  4 revenants
  7 frost giants
  8 tengu reavers
  8 azure jellies
  6 deep elf sorcerers
  11 fire giants
  12 rockslimes
  5 draconian knights
  2 emperor scorpions
  6 draconian scorchers
  4 iron dragons
  23 vault wardens
  4 ghost moths
  A balrug (D:9)
  6 curse skulls
  A caustic shrike zombie (Crypt:1)
  4 draconian stormcallers
  Louise (Elf:3)
  20 ironbound preservers
  6 deep elf elementalists (Elf:3)
  9 draconian annihilators
  6 ghouls
  11 draconian shifters
  3 orc warlords
  A broodmother (Spider:3)
  3 war gargoyles
  13 ironbound thunderhulks
  15 stone giants
  17 quicksilver oozes
  6 reapers
  21 very ugly things
  5 deep elf annihilators
  A putrid mouth (Hell)
  Azrael (Elf:2)
  2 bennus (Tomb:1)
  9 green draconians
  4 lorocyprocas
  9 vampire knights
  6 deep elf demonologists
  14 white draconians
  13 red draconians
  14 dire elephants
  10 black draconians
  11 yellow draconians
  7 spark wasps
  10 purple draconians
  11 deep elf death magi
  A minotaur (Gauntlet)
  2 blizzard demons (Depths:4)
  2 crystal guardians
  3 iron golems
  3 merfolk javelineers
  4 mummy priests (Tomb:1)
  An elf zombie (Tomb:1)
  9 jiangshi
  12 ettins
  An eidolon (Crypt:1)
  11 great orbs of eyes
  5 deep elf high priests
  9 fire dragons
  7 entropy weavers
  11 merfolk impalers
  3 rakshasas
  32 vault guards
  19 yaktaur captains
  2 jorogumos
  4 ogre magi
  13 ice dragons
  5 hydras
  3 peacekeepers
  2 spriggan air magi (Depths:4)
  A spriggan skeleton (Crypt:3)
  2 catoblepae
  2 death knights
  5 merfolk avatars
  2 caustic shrike simulacra
  10 ironbound frosthearts
  3 alligators (Shoals:3)
  6 alligator snapping turtles
  2 satyrs
  5 merfolk aquamancers
  5 radroaches
  5 two-headed ogres
  15 boulder beetles
  8 deep troll shamans
  6 death yaks
  19 centaur warriors
  28 dancing weapons
  6 orc high priests
  7 vampire magi
  4 tengu warriors
  Nergalle (Lair:1)
  Urug (D:13)
  8 soul eaters
  8 deep troll earth magi
  35 hell knights
  7 spriggan berserkers
  Sonja (Lair:5)
  A storm dragon zombie (Crypt:1)
  16 deep elf knights
  Amaemon (Lair:1)
  2 shadow wraiths
  7 sun demons
  14 skeletal warriors
  2 skysharks
  13 pharaoh ants
  3 glowing orange brains
  11 iron trolls
  A goliath frog (Shoals:3)
  2 anaconda zombies (Hell)
  A sea snake (shapeshifter) (D:15)
  51 deep trolls
  15 sea snakes
  2 orange crystal statues
  9 deep elf archers
  7 flayed ghosts
  6 orb spiders
  11 steelbarb worms
  2 spriggan simulacra
  3 bog bodies
  15 phantasmal warriors
  13 lindwurms
  A bunyip skeleton (Crypt:2)
  20 ironbound convokers
  11 necromancers
  9 wizards
  10 orc knights
  A draconian zombie (Crypt:2)
  25 harpies
  28 deep elf pyromancers
  2 oklob plants (Lair:4)
  32 ugly things
  13 wolf spiders
  32 deep elf zephyrmancers
  5 cyclopes
  5 shining eyes
  6 orc sorcerers
  18 manticores
  9 fauns
  A faun (shapeshifter) (Vaults:5)
  A salamander (D:15)
  10 merfolk sirens
  36 moths of wrath
  7 black mambas
  6 large abominations
  13 demonic crawlers
  16 elephants
  2 ice statues (Hell)
  7 smoke demons
  14 vault sentinels
  12 torpor snails
  2 toenail golems (Volcano)
  2 rust devils
  4 water nymphs
  A gargoyle (D:13)
  An orange demon (Lair:1)
  10 komodo dragons
  11 cane toads
  4 molten gargoyles
  3 unseen horrors
  A naga skeleton (Crypt:1)
  A yaktaur zombie (Vaults:1)
  5 eyes of devastation
  3 efreet (Volcano)
  2 dire elephant skeletons
  An unseen horror zombie (D:8)
  2 sea snake zombies
  A tengu conjurer (D:15)
  10 freezing wraiths
  5 hellions
  A purple draconian skeleton (Crypt:2)
  3 rime drakes (Lair:3)
  A golden dragon simulacrum (IceCv)
  3 anaconda simulacra (IceCv)
  25 yaktaurs
  A bunyip simulacrum (Crypt:3)
  11 guardian mummies
  An ice devil (Depths:3)
  A death drake zombie (Crypt:2)
  A sea snake skeleton (Hell)
  50 merfolk
  2 hydra zombies (Hell)
  A spectral harpy (Crypt:1)
  4 polar bears
  A wind drake (shapeshifter) (Vaults:5)
  12 meliai
  11 hornets
  4 tyrant leeches (Lair:5)
  3 trolls
  A human skeleton (Vaults:1)
  Prince Ribbit (D:7)
  16 dream sheep
  A harpy skeleton (Crypt:2)
  22 tarantellas
  A hydra skeleton (Crypt:1)
  An iron dragon simulacrum (Crypt:2)
  14 blink frogs
  An ettin zombie (Crypt:1)
  129 slime creatures
  5 wind drakes
  45 jumping spiders
  2 fire giant simulacra (Depths:2)
  A guardian serpent skeleton (Crypt:1)
  12 snapping turtles
  2 centaur simulacra
  A shadow (D:11)
  A stone giant simulacrum (Crypt:2)
  2 alligator skeletons (Hell)
  3 vampires
  A ynoxinul (Zot:4)
  21 culicivoras
  4 spriggans
  8 water elementals
  2 air elementals
  14 flying skulls
  5 wraiths
  7 wyverns
  2 dire elephant simulacra
  3 basilisks
  39 yaks
  3 ushabtiu (Tomb:1)
  2 neqoxecs (Depths:3)
  11 fire elementals
  5 golden eyes (Slime:1)
  4 small abominations
  52 redbacks
  2 redbacks (shapeshifter) (Vaults:5)
  2 chaos spawn
  11 vampire mosquitoes
  An elf skeleton (Vaults:1)
  2 steam dragons
  6 wargs
  A deep troll zombie (Crypt:1)
  An ogre zombie (Vaults:1)
  3 hydra simulacra
  5 floating eyes
  8 hell hounds
  7 water moccasins
  An entropy weaver zombie (Crypt:1)
  A demonspawn skeleton (Crypt:1)
  51 orc warriors
  A meliai simulacrum (D:15)
  2 ettin simulacra
  3 black bears
  An alligator simulacrum (IceCv)
  A hornet zombie (D:8)
  22 wolves
  6 centaurs
  6 boggarts
  A snapping turtle skeleton (Crypt:1)
  4 ogres
  A hog zombie (Crypt:2)
  A phantom (D:6)
  4 kobold brigands (Sewer)
  A fire crab zombie (Crypt:2)
  A human simulacrum (Depths:2)
  9 bullfrogs
  4 scorpions
  7 earth elementals
  3 necrophages
  A water moccasin zombie (Crypt:2)
  A wyvern skeleton (Crypt:1)
  11 wights
  A troll zombie (Crypt:3)
  9 killer bees (D:7)
  An electric eel (Lair:1)
  2 howler monkeys
  4 centaur zombies (D:8)
  3 jellies
  A black bear zombie (Crypt:3)
  5 hounds
  A bullfrog zombie (Crypt:3)
  A human zombie (Ossuary)
  A bullfrog skeleton (Crypt:2)
  21 orc priests
  A sleepcap (D:4)
  2 gnoll boudas
  31 orc wizards
  Terence (D:2)
  5 iguanas
  4 hell rats (Lair:1)
  2 killer bee zombies (D:8)
  An acid dragon skeleton (Crypt:3)
  23 mummies
  10 adders
  12 gnolls
  A river rat (D:5)
  3 swamp drake zombies
  3 shadow imps (Gauntlet)
  A worm zombie (Crypt:3)
  5 adder zombies (Ossuary)
  A lava snake skeleton (Crypt:1)
  A worm (D:2)
  2 dart slugs
  108 orcs
  8 endoplasms
  8 giant cockroaches
  2 gnoll zombies (Ossuary)
  6 goblins
  7 hobgoblins
  4 jackals (D:1)
  17 kobolds
  4 quokkas (D:1)
  A river rat zombie (Crypt:1)
  15 ball pythons
  4 bats
  4 frilled lizards
  A frilled lizard zombie (Crypt:2)
  3 goblin zombies
  A hobgoblin zombie (Ossuary)
  2 kobold zombies (Ossuary)
  2 orc skeletons
  A quokka zombie (Ossuary)
  10 rats
  4 rat zombies (Ossuary)
  A fire vortex (Volcano)
2753 creatures vanquished.

Vanquished Creatures (others)
  A fire giant (Depths:3)
  A draconian knight (Zot:2)
  A very ugly thing (Vaults:4)
  A vault guard (Vaults:5)
  A soul eater (Hell)
  A deep elf knight (Elf:2)
  A water nymph (Shoals:2)
  A merfolk siren (Shoals:4)
  A demonic crawler (Spider:2)
  A tarantella (shapeshifter) (Vaults:5)
  A wraith (Crypt:2)
  2 orc wizards (Orc:2)
13 creatures vanquished.

Grand Total: 2766 creatures vanquished

Notes
Turn   | Place    | Note
-------+----------+-------------------------------------------
     0 | D:1      | Valeaz the Formicid Fighter began the quest for the Orb.
     0 | D:1      | Reached XP level 1. HP: 18/18 MP: 1/1
   265 | D:1      | Reached XP level 2. HP: 21/24 MP: 2/2
   517 | D:1      | Reached XP level 3. HP: 14/29 MP: 3/3
   864 | D:2      | Noticed Terence
   868 | D:2      | Killed Terence
   869 | D:2      | Reached XP level 4. HP: 28/37 MP: 4/4
  1697 | D:2      | Found The Oracle's Delphic Readings.
  1710 | D:2      | Reached XP level 5. HP: 36/42 MP: 5/5
  1736 | D:2      | Bought a scroll of identify for 24 gold pieces
  2376 | D:3      | You fall into a shaft and drop 2 floors!
  2376 | D:5      | Entered Level 5 of the Dungeon
  2459 | D:5      | Reached skill level 5 in Shields
  2501 | D:5      | Reached XP level 6. HP: 43/48 MP: 6/6
  2583 | D:5      | Reached XP level 7. HP: 10/55 MP: 7/7
  2719 | D:5      | Found a glowing drain.
  2734 | Sewer    | Entered a sewer
  2775 | Sewer    | Reached skill level 5 in Axes
  2964 | Sewer    | Reached skill level 5 in Fighting
  3145 | Sewer    | Reached skill level 5 in Armour
  3150 | Sewer    | Reached XP level 8. HP: 52/62 MP: 8/8
  3781 | D:4      | Found Ohagant's Weapon Emporium.
  3970 | D:4      | Found a broken altar of Ashenzari.
  4776 | D:3      | Found a faded altar of an unknown god.
  5648 | D:6      | Found a bloodstained altar of Trog.
  5781 | D:6      | Reached XP level 9. HP: 65/69 MP: 9/9
  6413 | D:7      | Noticed Prince Ribbit
  6425 | D:7      | Killed Prince Ribbit
  6439 | D:7      | Found Arphin's General Store.
  6447 | D:7      | Bought a lightning rod (4/4) for 300 gold pieces
  6569 | D:7      | Reached XP level 10. HP: 71/79 MP: 10/10
  6593 | D:7      | Found a staircase to the Ecumenical Temple.
  6599 | Temple   | Entered the Ecumenical Temple
  6610 | Temple   | Became a worshipper of Warmaster Okawaru
  6639 | D:7      | Found a sand-covered staircase.
  6671 | Ossuary  | Entered an ossuary
  6941 | D:7      | Gained mutation: Your magical capacity is low. (-10% MP)
                  | [potion of mutation]
  6942 | D:7      | Lost mutation: Your magical capacity is low. (-10% MP)
                  | [potion of mutation]
  6942 | D:7      | Gained mutation: Your system is resistant to poisons.
                  | (rPois) [potion of mutation]
  6942 | D:7      | Gained mutation: Your mind is acute. (Int +4, Str/Dex -1)
                  | [potion of mutation]
  6943 | D:7      | Lost mutation: Your mind is acute. (Int +4, Str/Dex -1)
                  | [potion of mutation]
  6943 | D:7      | Lost mutation: Your system is resistant to poisons. (rPois)
                  | [potion of mutation]
  6943 | D:7      | Gained mutation: You possess an exceptional clarity of
                  | mind. [potion of mutation]
  6943 | D:7      | Gained mutation: You have large cloven feet. [potion of
                  | mutation]
  7037 | D:7      | Found Hudon's Island Escapes.
  7147 | D:7      | Reached * piety under Okawaru
  8251 | D:8      | Found a basalt altar of Yredelemnul.
  9017 | D:9      | Reached ** piety under Okawaru
  9792 | D:10     | Entered Level 10 of the Dungeon
  9962 | D:10     | Reached skill level 10 in Axes
  9965 | D:10     | Reached skill level 1 in Invocations
  9965 | D:10     | Reached skill level 1 in Evocations
  9978 | D:10     | Reached skill level 10 in Shields
  9978 | D:10     | Reached XP level 11. HP: 83/86 MP: 11/11
 10238 | D:10     | Found a staircase to the Orcish Mines.
 10413 | D:10     | Reached *** piety under Okawaru
 10645 | D:10     | Found an opulent altar of Gozag.
 10955 | D:11     | Noticed a cyclops
 10994 | D:11     | Killed a cyclops
 11044 | D:11     | Noticed a manticore
 11054 | D:11     | Killed a manticore
 11054 | D:11     | Reached **** piety under Okawaru
 11367 | D:11     | Found a staircase to the Lair.
 11523 | Lair:1   | Entered Level 1 of the Lair of Beasts
 11566 | Lair:1   | Found a gate leading to a gauntlet.
 11572 | Gauntlet | Entered a Gauntlet
 11572 | Gauntlet | Found a transporter.
 11572 | Gauntlet | Found a transporter.
 11581 | Gauntlet | Noticed a soul eater
 11593 | Gauntlet | Found a transporter.
 11598 | Gauntlet | Found a transporter.
 11610 | Gauntlet | Found a transporter.
 11613 | Gauntlet | Noticed a large abomination
 11614 | Gauntlet | Found a transporter.
 11614 | Gauntlet | Noticed a necromancer
 11618 | Gauntlet | Found a transporter.
 11618 | Gauntlet | Noticed a large abomination
 11632 | Gauntlet | Found a runed translucent door.
 11635 | Gauntlet | Found a transporter.
 11637 | Gauntlet | Found a runed translucent door.
 11638 | Gauntlet | Noticed a death yak
 11638 | Gauntlet | Noticed a death yak
 11638 | Gauntlet | Noticed a death yak
 11638 | Gauntlet | Noticed a death yak
 11638 | Gauntlet | Noticed a necromancer
 11649 | Gauntlet | Found a transporter.
 11653 | Gauntlet | Found a transporter.
 11655 | Gauntlet | Found a runed translucent door.
 11657 | Gauntlet | Found a runed translucent door.
 11659 | Gauntlet | Noticed a wizard
 11661 | Gauntlet | Found a transporter.
 11665 | Gauntlet | Found a transporter.
 11847 | Gauntlet | Killed a soul eater
 11894 | Gauntlet | Killed a necromancer
 11947 | Gauntlet | Killed a large abomination
 11948 | Gauntlet | Reached XP level 12. HP: 71/96 MP: 13/15
 11950 | Gauntlet | Reached ***** piety under Okawaru
 11955 | Gauntlet | Reached skill level 5 in Invocations
 11967 | Gauntlet | Identified the +2 pair of gloves of the Endless Expanse
                  | {Str+2}
 12067 | Gauntlet | Identified the ring of Guk Tocw {*Slow Fly AC+4 Str+3}
 12067 | Gauntlet | Noticed a minotaur
 12121 | Gauntlet | Killed a minotaur
 12264 | Gauntlet | Got Koram's Disquisition on Toxicity and the Wind
 12449 | Lair:1   | Reached skill level 10 in Fighting
 12449 | Lair:1   | Reached skill level 10 in Armour
 12472 | Lair:1   | Noticed Nergalle
 12472 | Lair:1   | Noticed Amaemon
 12487 | Lair:1   | Killed Amaemon
 12487 | Lair:1   | Received a gift from Okawaru
 12506 | Lair:1   | Killed Nergalle
 13277 | Lair:2   | You fall into a shaft and drop 2 floors!
 13304 | Lair:4   | Received a gift from Okawaru
 13310 | Lair:4   | Reached XP level 13. HP: 101/104 MP: 16/16
 13492 | Lair:4   | Found a dark tunnel.
 13499 | Volcano  | Entered a volcano
 13521 | Volcano  | Received a gift from Okawaru
 13781 | Volcano  | Identified the +0 robe "Ymoceyn" {Stlth+}
 14679 | Lair:4   | Found a blossoming altar of Fedhas.
 14990 | Lair:3   | Reached ****** piety under Okawaru
 14990 | Lair:3   | Received a gift from Okawaru
 15076 | Lair:3   | Reached XP level 14. HP: 107/114 MP: 17/17
 15129 | Lair:3   | Found a hole to the Spider Nest.
 15316 | Lair:3   | Found a staircase to the Shoals.
 16116 | Lair:2   | Received a gift from Okawaru
 16830 | Lair:5   | Entered Level 5 of the Lair of Beasts
 16897 | Lair:5   | Reached skill level 15 in Axes
 16905 | Lair:5   | Noticed Sonja
 16982 | Lair:5   | Killed Sonja
 17208 | Lair:5   | Identified the +2 plate armour of the Bells {rPois Dex+3}
                  | (Okawaru gifted it to you on level 5 of the Lair of Beasts)
 17208 | Lair:5   | Received a gift from Okawaru
 17223 | Lair:5   | Reached XP level 15. HP: 113/122 MP: 18/18
 17347 | Lair:5   | Found a staircase to the Slime Pits.
 17865 | Lair:5   | Found a runed translucent door.
 18070 | Lair:5   | Reached skill level 15 in Shields
 18165 | Slime:1  | Entered Level 1 of the Pits of Slime
 18897 | D:12     | Found a burning altar of Makhleb.
 19486 | D:13     | Noticed Urug
 19497 | D:13     | Killed Urug
 19727 | D:13     | Received a gift from Okawaru
 19762 | D:13     | Found a gate to the Vaults.
 20331 | D:14     | Found a frozen archway.
 20349 | IceCv    | Entered an ice cave
 20349 | IceCv    | Noticed a white very ugly thing
 20371 | IceCv    | Killed a white very ugly thing
 20449 | IceCv    | Found a transporter.
 20451 | IceCv    | Noticed a white very ugly thing
 20464 | IceCv    | Found a transporter.
 20478 | IceCv    | Killed a white very ugly thing
 20737 | D:14     | Found Wuwkown's Distillery.
 20743 | D:14     | Bought 2 potions of curing for 102 gold pieces
 20897 | D:14     | Received a gift from Okawaru
 20925 | D:14     | Reached XP level 16. HP: 101/132 MP: 20/20
 21418 | D:15     | Entered Level 15 of the Dungeon
 21819 | D:15     | Received a gift from Okawaru
 21837 | D:15     | Identified the +1 lajatang "Menaduzo" {flame, SInv}
 22664 | D:15     | Found a staircase to the Depths.
 22829 | Depths:1 | Entered Level 1 of the Depths
 22829 | Depths:1 | Noticed a fire giant
 22837 | Depths:1 | Killed a fire giant
 22995 | Depths:1 | Noticed a tengu reaver
 23008 | Depths:1 | Killed a tengu reaver
 23686 | Spider:1 | Entered Level 1 of the Spider Nest
 23793 | Lair:3   | HP: 2/126 [pharaoh ant (15)]
 24083 | Lair:3   | Identified the scarf "Joesewo" {repulsion, +Blink} (Okawaru
                  | gifted it to you on level 3 of the Lair of Beasts)
 24083 | Lair:3   | Received a gift from Okawaru
 24908 | Spider:1 | Reached XP level 17. HP: 128/140 MP: 22/22
 25515 | Spider:2 | Reached skill level 15 in Armour
 25537 | Spider:2 | Reached skill level 15 in Fighting
 26430 | Spider:3 | Noticed Arachne
 26455 | Spider:3 | Received a gift from Okawaru
 26460 | Spider:3 | Killed Arachne
 26460 | Spider:3 | Identified the +0 pair of gloves "Egeor" {Str+4}
 26460 | Spider:3 | Noticed Nikola
 26473 | Spider:3 | Killed Nikola
 26970 | Spider:3 | Identified the +0 war axe of Wamel {heavy, Will+ Str+4
                  | Int+3} (Okawaru gifted it to you on level 3 of the Spider
                  | Nest)
 26970 | Spider:3 | Received a gift from Okawaru
 27274 | Spider:4 | Entered Level 4 of the Spider Nest
 27326 | Spider:4 | Noticed Donald
 27339 | Spider:3 | Reached XP level 18. HP: 47/151 MP: 23/23
 27567 | Spider:4 | Killed Donald
 27696 | Spider:4 | Identified the +0 tower shield of Summer {Rampage rC++}
                  | (Okawaru gifted it to you on level 4 of the Spider Nest)
 27696 | Spider:4 | Received a gift from Okawaru
 28256 | Spider:4 | Got a gossamer rune of Zot
 28453 | Shoals:1 | Entered Level 1 of the Shoals
 28861 | Shoals:1 | Received a gift from Okawaru
 29031 | Shoals:1 | Identified the ring "Zonuecho" {rElec EV+5}
 29758 | Shoals:2 | Found Aqeh's Jewellery Shoppe.
 29901 | Shoals:2 | Reached XP level 19. HP: 127/163 MP: 24/24
 30406 | Shoals:2 | You fall into a shaft and drop 1 floor!
 30981 | Shoals:3 | Received a gift from Okawaru
 31031 | Shoals:3 | Noticed Polyphemus
 31043 | Shoals:2 | Killed Polyphemus
 31423 | Shoals:3 | Received a gift from Okawaru
 32393 | Shoals:4 | Entered Level 4 of the Shoals
 32444 | Shoals:3 | Reached skill level 1 in Dodging
 33144 | Shoals:4 | Received a gift from Okawaru
 33414 | Shoals:4 | Found Weula's Antique Armour Shop.
 33494 | Shoals:4 | Reached XP level 20. HP: 89/176 MP: 26/26
 33633 | Shoals:4 | Found Banuy's Weapon Shop.
 33712 | Shoals:4 | Bought a bloodstained chain mail for 370 gold pieces
 33712 | Shoals:4 | Identified the +0 chain mail of Ethics {rCorr} (You bought
                  | it in a shop on level 4 of the Shoals)
 33906 | Shoals:4 | Identified the +6 long sword of Exquisite Torment {venom,
                  | Int+3}
 34031 | Shoals:4 | Found Funin's Assorted Antiques.
 34035 | Shoals:4 | Bought a diamond-encrusted plate armour for 1036 gold
                  | pieces
 34035 | Shoals:4 | Identified the +0 plate armour of Ziezxite {Contam *Corrode
                  | rN++ Stlth+} (You bought it in a shop on level 4 of the
                  | Shoals)
 34035 | Shoals:4 | Bought a scroll of fear for 148 gold pieces
 34035 | Shoals:4 | Bought a scroll of fear for 148 gold pieces
 34093 | Shoals:4 | Got a barnacled rune of Zot
 34208 | Shoals:4 | Found the ring of the Hare {EV+10}
 34707 | Orc:1    | Entered Level 1 of the Orcish Mines
 34724 | Orc:1    | Found Lipar's Magic Scroll Shoppe.
 34756 | Orc:1    | Noticed Gastronok
 34772 | Orc:1    | Killed Gastronok
 34825 | Orc:1    | Bought 3 scrolls of magic mapping for 337 gold pieces
 34825 | Orc:1    | Bought a scroll of enchant armour for 112 gold pieces
 34825 | Orc:1    | Bought a scroll of fear for 60 gold pieces
 34862 | Orc:1    | Reached skill level 5 in Evocations
 34878 | Orc:1    | Found Xonibesk's Weapon Shop.
 35158 | Orc:2    | Entered Level 2 of the Orcish Mines
 35651 | Orc:2    | Found Jeurrore's Antique Armour Emporium.
 35652 | Orc:2    | Found Bajukiwn's Antique Weapon Shoppe.
 35654 | Orc:2    | Found Divingey's General Store.
 35654 | Orc:2    | Found Milupen's Jewellery Emporium.
 35798 | Orc:2    | Found a staircase to the Elven Halls.
 35856 | Orc:2    | Found Ranotir's General Store.
 35875 | Orc:2    | Bought a potion of heal wounds for 70 gold pieces
 36235 | Elf:1    | Entered Level 1 of the Elven Halls
 36235 | Elf:1    | Found a runed translucent gate.
 36235 | Elf:1    | Found a runed translucent gate.
 36235 | Elf:1    | Found a runed translucent gate.
 36235 | Elf:1    | Found a runed translucent gate.
 36235 | Elf:1    | Found a runed translucent gate.
 36235 | Elf:1    | Found a runed translucent gate.
 36239 | Elf:1    | Found a runed translucent door.
 36367 | Elf:1    | Found a runed translucent door.
 36397 | Elf:1    | Identified the +2 chain mail of an ossuary {Str+6} (Okawaru
                  | gifted it to you on level 1 of the Elven Halls)
 36397 | Elf:1    | Received a gift from Okawaru
 36488 | Elf:1    | Identified the ring "Ceerol" {Fly rElec Dex+3 Slay-2
                  | Stlth+}
 37215 | Elf:2    | Found a runed translucent gate.
 37215 | Elf:2    | Found a runed translucent gate.
 37215 | Elf:2    | Found a runed translucent gate.
 37587 | Elf:2    | Received a gift from Okawaru
 37591 | Elf:2    | Reached skill level 10 in Invocations
 37596 | Elf:2    | Reached XP level 21. HP: 143/185 MP: 28/28
 37605 | Elf:2    | Noticed Azrael
 37632 | Elf:2    | Killed Azrael
 38112 | Elf:3    | Entered Level 3 of the Elven Halls
 38186 | Elf:3    | Identified the +0 plate armour of Springtime {Str+6}
                  | (Okawaru gifted it to you on level 3 of the Elven Halls)
 38186 | Elf:3    | Received a gift from Okawaru
 38425 | Elf:3    | Identified the amulet of Dishonesty {RegenMP MP+9 Dex+3}
 38439 | Elf:3    | Noticed Louise
 38448 | Elf:3    | Killed Louise
 38457 | Elf:3    | Reached skill level 5 in Dodging
 38474 | Elf:3    | Identified the +8 spear of Giotos {heavy, *Rage rElec rC+
                  | Str+2}
 38474 | Elf:3    | Identified the amulet of Elyvilon, Glowing {Faith rN+ Str+4
                  | Int+3}
 38874 | Elf:3    | Identified the ring "Zukouqe" {rF+ MP+9 Dex+6}
 38908 | Elf:3    | Identified the +5 ring mail "Waumycs" {Str+2}
 38960 | Elf:3    | Identified the staff of death "Qohesk" {rN+ Dex+4}
 39104 | Elf:3    | Got Sif Muna's Information on Production and the Compass
 39162 | Elf:3    | Found a runed translucent door.
 39163 | Elf:3    | Noticed Ivernyr's ghost (adept FoFi)
 39175 | Elf:3    | Killed Ivernyr's ghost
 39772 | Depths:1 | Received a gift from Okawaru
 39795 | Depths:1 | Found a shimmering altar of Xom.
 39823 | Depths:1 | Found Voriarph's Jewellery Shop.
 39823 | Depths:1 | Found Qeismyh's Book Emporium.
 39824 | Depths:1 | Found Linohic's Book Emporium.
 39834 | Depths:1 | Bought the ring "Zippor" {Fly rElec rN+++ Int-2 SInv} for
                  | 526 gold pieces
 39834 | Depths:1 | Bought the amulet of the Threshing Gods {+Inv Regen+
                  | Slay+3} for 622 gold pieces
 39993 | Depths:1 | Reached XP level 22. HP: 175/198 MP: 29/29
 40288 | Depths:1 | Found a gateway to Hell.
 40740 | Depths:2 | Got the +2 battleaxe of Qiexida {freeze, Str+4 Int+3 Dex+2}
 40884 | Depths:2 | Received a gift from Okawaru
 41235 | Depths:2 | Found a bloodstained altar of Trog.
 41486 | Depths:2 | Found a one-way gate leading to the halls of Pandemonium.
 41583 | Depths:3 | Found a one-way gateway to a ziggurat.
 41615 | Depths:3 | Noticed Jory
 41617 | Depths:3 | Gained mutation: Your body sometimes deteriorates upon
                  | taking damage. [a neqoxec]
 41642 | Depths:3 | Killed Jory
 41740 | Depths:3 | Found a corrupted altar of Lugonu.
 41740 | Depths:3 | Found a one-way gate to the infinite horrors of the Abyss.
 41797 | Depths:3 | Found a shimmering blue altar of Sif Muna.
 41967 | Depths:3 | Noticed Xtahua
 41968 | Depths:3 | Noticed a golden dragon
 41997 | Depths:3 | Killed Xtahua
 42044 | Depths:3 | Noticed a golden dragon
 42060 | Depths:3 | Killed a golden dragon
 42066 | Depths:3 | Killed a golden dragon
 42066 | Depths:3 | Received a gift from Okawaru
 42158 | Depths:3 | HP: 8/202 [walking earthen tome (32)]
 42349 | Depths:3 | Reached XP level 23. HP: 194/209 MP: 24/30
 42441 | Depths:3 | Identified the +0 tower shield "Vanatun" {rElec rF+ rN+++
                  | Dex-3} (Okawaru gifted it to you on level 3 of the Depths)
 42441 | Depths:3 | Received a gift from Okawaru
 42609 | Depths:3 | Noticed a golden dragon
 42616 | Depths:3 | Killed a golden dragon
 42713 | Depths:3 | HP: 7/209 [living spell/iceblast[a walking frostbound tome]
                  | (66)]
 42892 | Depths:3 | Noticed a golden dragon
 42932 | Depths:3 | Killed a golden dragon
 43010 | Depths:3 | Noticed a golden dragon
 43022 | Depths:3 | Killed a golden dragon
 43446 | Depths:3 | Noticed Margery
 43456 | Depths:3 | Killed Margery
 43782 | Hell     | Entered the Vestibule of Hell
 43782 | Hell     | Noticed Geryon
 43820 | Depths:4 | Entered Level 4 of the Depths
 43894 | Depths:4 | Found a runed translucent gate.
 43895 | Depths:4 | Found a runed translucent gate.
 43895 | Depths:4 | Noticed Gemnonof's ghost (adept DgCj)
 44022 | Depths:4 | Noticed Mennas
 44049 | Depths:4 | Killed Mennas
 44092 | Depths:4 | Identified the +1 robe of Darkness {Str+4 Int-4 Stlth+}
                  | (Okawaru gifted it to you on level 4 of the Depths)
 44092 | Depths:4 | Received a gift from Okawaru
 44284 | Depths:4 | Found a runed translucent gate.
 44332 | Depths:4 | Found a gate to the Realm of Zot.
 44540 | Depths:4 | Noticed a golden dragon
 44556 | Depths:4 | Killed a golden dragon
 44637 | Depths:4 | Lost mutation: You possess an exceptional clarity of mind.
                  | [potion of mutation]
 44637 | Depths:4 | Lost mutation: You have large cloven feet. [potion of
                  | mutation]
 44637 | Depths:4 | Lost mutation: Your body sometimes deteriorates upon taking
                  | damage. [potion of mutation]
 44637 | Depths:4 | Gained mutation: You are clumsy. (Dex -2) [potion of
                  | mutation]
 44637 | Depths:4 | Gained mutation: You have sharp fingernails. [potion of
                  | mutation]
 44637 | Depths:4 | Gained mutation: You are partially covered in iridescent
                  | scales. (AC +2) [potion of mutation]
 44637 | Depths:4 | Gained mutation: Your flesh is heat resistant. (rF+)
                  | [potion of mutation]
 44708 | Depths:4 | Reached XP level 24. HP: 220/220 MP: 30/30
 44937 | Depths:4 | Found Noedu Tus's Armour Boutique.
 44946 | Depths:4 | Bought a +2 pair of boots of flying for 301 gold pieces
 45045 | Depths:4 | Found a snail-covered altar of Cheibriados.
 45278 | Depths:4 | HP: 1/221 [stone wall collision (40)]
 45278 | Depths:4 | Identified the +0 pair of gloves of Wariness {rC+ Str+3
                  | Dex+4}
 45286 | Depths:4 | Killed Gemnonof's ghost
 45433 | Depths:4 | Identified the +1 helmet of the Sneaky Seas {Regen+}
 46097 | Hell     | Killed Geryon
 46097 | Hell     | Identified the +0 plate armour "Vurem" {rF++} (Okawaru
                  | gifted it to you in the Vestibule of Hell)
 46097 | Hell     | Received a gift from Okawaru
 46238 | Hell     | Found a gateway to the freezing wastes of Cocytus.
 46339 | Hell     | Found a gateway to the ashen valley of Gehenna.
 46503 | Hell     | Found a gateway to the decaying netherworld of Tartarus.
 46607 | Hell     | Found a gateway to the Iron City of Dis.
 47034 | Slime:1  | Gained mutation: You are frail. (-10% HP) [a shining eye]
 47037 | Slime:1  | Gained mutation: You occasionally lose the ability to read
                  | scrolls when taking damage. [a shining eye]
 47054 | Slime:1  | Lost mutation: You have sharp fingernails. [potion of
                  | mutation]
 47054 | Slime:1  | Lost mutation: Your flesh is heat resistant. (rF+) [potion
                  | of mutation]
 47054 | Slime:1  | Lost mutation: You are partially covered in iridescent
                  | scales. (AC +2) [potion of mutation]
 47054 | Slime:1  | Gained mutation: You sometimes lose the ability to read
                  | scrolls when taking damage. [potion of mutation]
 47054 | Slime:1  | Gained mutation: You have sharp toenails. [potion of
                  | mutation]
 47054 | Slime:1  | Gained mutation: Your mind is acute. (Int +4, Str/Dex -1)
                  | [potion of mutation]
 47055 | Slime:1  | Lost mutation: You are frail. (-10% HP) [potion of
                  | mutation]
 47055 | Slime:1  | Lost mutation: You have sharp toenails. [potion of
                  | mutation]
 47055 | Slime:1  | Gained mutation: Your flesh is cold resistant. (rC+)
                  | [potion of mutation]
 47056 | Slime:1  | Lost mutation: You are clumsy. (Dex -2) [potion of
                  | mutation]
 47056 | Slime:1  | Lost mutation: You sometimes lose the ability to read
                  | scrolls when taking damage. [potion of mutation]
 47056 | Slime:1  | Gained mutation: Your muscles are strong. (Str +4, Int/Dex
                  | -1) [potion of mutation]
 47056 | Slime:1  | Gained mutation: Your muscles are very strong. (Str +8,
                  | Int/Dex -2) [potion of mutation]
 48260 | Slime:1  | Gained mutation: Your spells are a little easier to cast,
                  | but a little less powerful. [a shining eye]
 48261 | Slime:1  | Gained mutation: You are frail. (-10% HP) [a shining eye]
 48282 | Slime:1  | Reached XP level 25. HP: 207/207 MP: 31/31
 48460 | Slime:3  | Identified the +5 scale mail of the Date {Will+ Str+2 Int-4
                  | Dex+3} (Okawaru gifted it to you on level 3 of the Pits of
                  | Slime)
 48460 | Slime:3  | Received a gift from Okawaru
 48758 | Slime:5  | Entered Level 5 of the Pits of Slime
 48775 | Slime:5  | Noticed the Royal Jelly
 49006 | Slime:5  | Killed the Royal Jelly
 49154 | Slime:5  | Found the +12 pair of quick blades "Gyre" and "Gimble"
                  | {protect}
 49206 | Slime:5  | Identified the +9 whip "Beastbane" {freeze, Contam Dex+4}
 49207 | Slime:5  | Identified the +3 whip "Meofoihu" {pain, rPois SInv}
 49247 | Slime:5  | Identified the +1 ring mail "Utzuerch" {rC- rCorr SInv
                  | Stlth+}
 49281 | Slime:5  | Got the Collected Works on Interference
 49283 | Slime:5  | Got a slimy rune of Zot
 49934 | Lair:1   | Lost mutation: Your mind is acute. (Int +4, Str/Dex -1)
                  | [potion of mutation]
 49934 | Lair:1   | Lost mutation: You are frail. (-10% HP) [potion of
                  | mutation]
 49934 | Lair:1   | Lost mutation: Your flesh is cold resistant. (rC+) [potion
                  | of mutation]
 49934 | Lair:1   | Gained mutation: Your spells are easier to cast, but less
                  | powerful. [potion of mutation]
 49934 | Lair:1   | Gained mutation: You are dopey. (Int -2) [potion of
                  | mutation]
 49935 | Lair:1   | Lost mutation: Your spells are easier to cast, but less
                  | powerful. [potion of mutation]
 49935 | Lair:1   | Lost mutation: Your muscles are very strong. (Str +8,
                  | Int/Dex -2) [potion of mutation]
 49935 | Lair:1   | Gained mutation: Your skin changes colour to match your
                  | surroundings (Stealth+). [potion of mutation]
 49936 | Lair:1   | Lost mutation: You are dopey. (Int -2) [potion of mutation]
 49936 | Lair:1   | Lost mutation: Your skin changes colour to match your
                  | surroundings (Stealth+). [potion of mutation]
 49936 | Lair:1   | Gained mutation: Your system is resistant to poisons.
                  | (rPois) [potion of mutation]
 49936 | Lair:1   | Gained mutation: Your muscles are very strong. (Str +8,
                  | Int/Dex -2) [potion of mutation]
 49936 | Lair:1   | Gained mutation: You expend magic power (3 MP) to
                  | strengthen your wands. [potion of mutation]
 50042 | Vaults:1 | Entered Level 1 of the Vaults
 50342 | Vaults:1 | Identified the +5 short sword "Xipemikko" {freeze, Str+4}
 51637 | Vaults:2 | Found a flickering gateway to a bazaar.
 51643 | Bazaar   | Entered a bazaar
 51643 | Bazaar   | Found Fiylaeju's Antique Weapon Emporium.
 51662 | Bazaar   | Found Severo's Antique Armour Boutique.
 51673 | Bazaar   | Found Dudubot's Jewellery Emporium.
 51690 | Bazaar   | Found Jyburept's General Store.
 51690 | Bazaar   | Found Caxyebipp's Distillery.
 51698 | Bazaar   | Bought a potion of heal wounds for 65 gold pieces
 51698 | Bazaar   | Bought a scroll of fear for 52 gold pieces
 51706 | Bazaar   | Bought 2 potions of mutation for 96 gold pieces
 51706 | Bazaar   | Bought a potion of heal wounds for 30 gold pieces
 51998 | Vaults:2 | Identified the +4 triple crossbow of Fukhlit {speed, rF++
                  | rC+ rN+} (Okawaru gifted it to you on level 2 of the
                  | Vaults)
 51998 | Vaults:2 | Received a gift from Okawaru
 52003 | Vaults:2 | Reached XP level 26. HP: 232/240 MP: 32/32
 52032 | Vaults:2 | Reached skill level 10 in Evocations
 52336 | Vaults:2 | Reached skill level 27 in Fighting
 52989 | Vaults:2 | Found a staircase to the Crypt.
 52989 | Vaults:2 | Found a basalt altar of Yredelemnul.
 52990 | Vaults:2 | Found an ancient bone altar of Kikubaaqudgha.
 53300 | Vaults:3 | Received a gift from Okawaru
 53788 | Vaults:3 | You are sucked into a shaft and drop 1 floor!
 54287 | Vaults:4 | Reached skill level 15 in Invocations
 54437 | Vaults:4 | Identified the +3 battleaxe "Haduq" {flame, +Blink}
                  | (Okawaru gifted it to you on level 4 of the Vaults)
 54437 | Vaults:4 | Received a gift from Okawaru
 54453 | Vaults:4 | Reached XP level 27. HP: 224/249 MP: 34/34
 54510 | Vaults:4 | Identified the +5 chain mail of Inaction {Dex+2}
 55191 | Vaults:3 | Identified the +1 pair of boots of Weirdness {*Slow +Blink
                  | rF++ Dex+8}
 55363 | Vaults:5 | Entered Level 5 of the Vaults
 55390 | Vaults:5 | Received a gift from Okawaru
 55468 | Vaults:5 | Noticed an ancient lich
 55603 | Vaults:5 | Killed an ancient lich
 55691 | Vaults:5 | Identified the +5 falchion of Ysestr Ziups {venom, rC+
                  | Will- Dex+7}
 55869 | Vaults:5 | Received a gift from Okawaru
 55891 | Vaults:5 | Reached skill level 27 in Axes
 55937 | Vaults:5 | Identified the ring of Gozag's Favour {Fly rF+ MP+9 Str-2
                  | Dex+5}
 55946 | Vaults:5 | Identified the amulet of the Devil's Advocate {rPois Regen+
                  | Stlth+}
 55973 | Vaults:5 | Reached skill level 15 in Evocations
 56071 | Vaults:5 | Identified the +3 morningstar of Doomed Exoneration {venom,
                  | Fragile rPois rCorr}
 56241 | Vaults:5 | Identified the ring of Ruakux {Drain rF+ Will+ Str+2
                  | Slay+6}
 56286 | Vaults:5 | Identified the staff of earth "Kiceh" {*Slow rCorr Stlth+}
 56305 | Vaults:5 | Got the Writings on the Ghoulish Shapeshifter
 56324 | Vaults:5 | Identified the +2 short sword of the Realm of Zot {venom,
                  | Contam rC++ Str+8 Int-3}
 56487 | Vaults:5 | Got Leda's Directory of Stones
 56695 | Vaults:5 | Found the +6 shillelagh "Devastator" {shatter}
 56704 | Vaults:5 | Identified the staff of cold "Dilouh" {rC+ Dex+3}
 56709 | Vaults:5 | Identified the ring "Ynotois" {rPois Will+}
 56899 | Vaults:5 | Got a silver rune of Zot
 56916 | Vaults:5 | Identified the ring "Dahyugh" {rC+ rN++ MP-9 Int+6}
 57098 | Crypt:1  | Entered Level 1 of the Crypt
 57314 | Crypt:1  | Noticed Grunn
 57327 | Crypt:1  | Killed Grunn
 57406 | Crypt:1  | Found a runed translucent door.
 57408 | Crypt:1  | Noticed Xenat's ghost (veteran MiGl)
 58008 | Crypt:1  | Killed Xenat's ghost
 58015 | Crypt:1  | Identified the +8 rapier "Keomeur" {heavy, Int+3 Dex+2}
 58139 | Crypt:2  | Identified the ring "Yppaem" {Ice *Corrode rElec rN+ Will+}
 58139 | Crypt:2  | Noticed Josephina
 58151 | Crypt:2  | Killed Josephina
 58183 | Crypt:2  | Received a gift from Okawaru
 58686 | Crypt:3  | Entered Level 3 of the Crypt
 58720 | Crypt:3  | Noticed a dread lich
 58728 | Crypt:3  | Killed a dread lich
 58728 | Crypt:3  | Received a gift from Okawaru
 58891 | Crypt:3  | Noticed an ancient lich
 58904 | Crypt:3  | Killed an ancient lich
 58910 | Crypt:3  | Noticed an ancient lich
 58922 | Crypt:3  | Killed an ancient lich
 58939 | Crypt:3  | Identified the ring of Erepn {Will+ Int+4}
 58944 | Crypt:3  | Identified the ring of Fehaf {Wiz Str+2 Dex+4}
 59026 | Crypt:3  | Found a staircase to the Tomb.
 59657 | Tomb:1   | Entered Level 1 of the Tomb of the Ancients
 59724 | Tomb:1   | Received a gift from Okawaru
 59804 | Tomb:1   | Identified the +0 animal skin "Moxucu" {Regen+ Str+6 Dex-4}
                  | (Okawaru gifted it to you on level 1 of the Tomb of the
                  | Ancients)
 59804 | Tomb:1   | Received a gift from Okawaru
 60200 | Tomb:1   | Noticed a royal mummy
 60210 | Tomb:1   | Killed a royal mummy
 60250 | Tomb:1   | HP: 6/249 [something (23)]
 61002 | Zot:1    | Entered Level 1 of the Realm of Zot
 61677 | Zot:1    | Found a huge runed gate.
 61678 | Zot:1    | Found a huge runed gate.
 61679 | Zot:1    | Found a huge runed gate.
 61679 | Zot:1    | Found a huge runed gate.
 61679 | Zot:1    | Found a huge runed gate.
 61679 | Zot:1    | Found a huge runed gate.
 61681 | Zot:1    | Found a huge runed gate.
 61681 | Zot:1    | Found a huge runed gate.
 61682 | Zot:1    | Found a huge runed gate.
 61682 | Zot:1    | Found a huge runed gate.
 61683 | Zot:1    | Found a huge runed gate.
 61684 | Zot:1    | Found a huge runed gate.
 61685 | Zot:1    | Found a huge runed gate.
 61686 | Zot:1    | Found a huge runed gate.
 61687 | Zot:1    | Found a huge runed gate.
 61688 | Zot:1    | Found a huge runed gate.
 61696 | Zot:1    | Found a huge runed gate.
 61696 | Zot:1    | Found a huge runed gate.
 61696 | Zot:1    | Found a huge runed gate.
 61696 | Zot:1    | Found a huge runed gate.
 61696 | Zot:1    | Found a huge runed gate.
 61696 | Zot:1    | Found a huge runed gate.
 61697 | Zot:1    | Found a huge runed gate.
 61698 | Zot:1    | Found a huge runed gate.
 61699 | Zot:1    | Found a huge runed gate.
 61707 | Zot:1    | Found a huge runed gate.
 61707 | Zot:1    | Found a huge runed gate.
 61707 | Zot:1    | Found a huge runed gate.
 61707 | Zot:1    | Found a huge runed gate.
 61707 | Zot:1    | Found a huge runed gate.
 61708 | Zot:1    | Found a huge runed gate.
 61709 | Zot:1    | Found a huge runed gate.
 61710 | Zot:1    | Found a huge runed gate.
 61711 | Zot:1    | Found a huge runed gate.
 61720 | Zot:1    | Noticed an orb of fire
 61720 | Zot:1    | Noticed a dread lich
 61720 | Zot:1    | Noticed a Killer Klown
 61723 | Zot:1    | Killed a dread lich
 61725 | Zot:1    | Noticed a dread lich
 61725 | Zot:1    | Noticed an ancient lich
 61737 | Zot:1    | Gained mutation: You are dopey. (Int -2) [an orb of fire]
 61744 | Zot:1    | Killed an orb of fire
 61757 | Zot:1    | Killed an ancient lich
 61757 | Zot:1    | Identified the +0 triple crossbow "Arbiter" {penet, Fly
                  | Int+2 Dex+3} (Okawaru gifted it to you on level 1 of the
                  | Realm of Zot)
 61757 | Zot:1    | Received a gift from Okawaru
 61759 | Zot:1    | Killed a dread lich
 61784 | Zot:1    | Killed a Killer Klown
 62187 | Zot:2    | Noticed an orb of fire
 62196 | Zot:2    | Killed an orb of fire
 62298 | Zot:2    | Received a gift from Okawaru
 62299 | Zot:2    | Noticed Parghit
 62319 | Zot:2    | Killed Parghit
 62483 | Zot:2    | Noticed an ancient lich
 62483 | Zot:2    | Noticed an orb of fire
 62491 | Zot:2    | Noticed a dread lich
 62546 | Zot:2    | Found a transporter.
 62560 | Zot:2    | Found a transporter.
 62635 | Zot:2    | Found a transporter.
 62736 | Zot:2    | Found a transporter.
 62802 | Zot:2    | Found a radiant altar of Vehumet.
 62983 | Zot:2    | Found a transporter.
 63148 | Zot:2    | Killed an ancient lich
 63154 | Zot:2    | Killed a dread lich
 63167 | Zot:2    | Gained mutation: You have hidden genetic potential. [an orb
                  | of fire]
 63171 | Zot:2    | Killed an orb of fire
 63189 | Zot:2    | Identified the +8 giant club of Nus Ymow {venom, *Corrode
                  | rPois Int+3} (Okawaru gifted it to you on level 2 of the
                  | Realm of Zot)
 63189 | Zot:2    | Received a gift from Okawaru
 63351 | Zot:2    | Found a transporter.
 63717 | D:7      | Bought a wand of digging (4) for 218 gold pieces
 63717 | D:7      | Bought a scroll of fog for 52 gold pieces
 63717 | D:7      | Bought a scroll of fog for 52 gold pieces
 64699 | Zot:3    | Found a runed translucent door.
 64699 | Zot:3    | Found a shimmering altar of Xom.
 64702 | Zot:3    | Noticed bimbombam's ghost (master MiFi)
 65045 | Zot:3    | Killed bimbombam's ghost
 65100 | Zot:4    | Received a gift from Okawaru
 65466 | Zot:4    | Noticed an orb of fire
 65466 | Zot:4    | Gained mutation: You are very dopey. (Int -4) [an orb of
                  | fire]
 65467 | Zot:4    | Gained mutation: You are clumsy. (Dex -2) [an orb of fire]
 65482 | Zot:4    | Killed an orb of fire
 65538 | Zot:4    | Noticed a shard shrike
 65558 | Zot:4    | Killed a shard shrike
 65754 | Zot:4    | Lost intelligence.
 65759 | Zot:4    | Lost mutation: Your spells are a little easier to cast, but
                  | a little less powerful. [potion of mutation]
 65759 | Zot:4    | Lost mutation: You have hidden genetic potential. [potion
                  | of mutation]
 65759 | Zot:4    | Gained mutation: You are vulnerable to heat. (rF-) [potion
                  | of mutation]
 65760 | Zot:4    | Lost mutation: You are very dopey. (Int -4) [potion of
                  | mutation]
 65760 | Zot:4    | Lost mutation: Your muscles are very strong. (Str +8,
                  | Int/Dex -2) [potion of mutation]
 65760 | Zot:4    | Lost mutation: Your system is resistant to poisons. (rPois)
                  | [potion of mutation]
 65760 | Zot:4    | Gained mutation: Your system is resistant to poisons.
                  | (rPois) [potion of mutation]
 65761 | Zot:4    | Lost mutation: You are vulnerable to heat. (rF-) [potion of
                  | mutation]
 65761 | Zot:4    | Lost mutation: You are dopey. (Int -2) [potion of mutation]
 65761 | Zot:4    | Gained mutation: Armour fits poorly on your strangely
                  | shaped body. [potion of mutation]
 65761 | Zot:4    | Lost mutation: Armour fits poorly on your strangely shaped
                  | body. [potion of mutation]
 65761 | Zot:4    | Gained mutation: Your body sometimes deteriorates upon
                  | taking damage. [potion of mutation]
 65761 | Zot:4    | Gained mutation: Your muscles are very strong. (Str +8,
                  | Int/Dex -2) [potion of mutation]
 66086 | Zot:5    | Entered Level 5 of the Realm of Zot
 66255 | Zot:5    | Found a runed translucent door.
 66255 | Zot:5    | Noticed SacredBeard's ghost (legendary HOFi)
 66289 | Zot:5    | Killed SacredBeard's ghost
 66293 | Zot:5    | Identified the +1 halberd "Nyorag" {venom, rPois MP+9
                  | Dex-5}
 66425 | Zot:5    | Noticed an orb of fire
 66436 | Zot:5    | Gained mutation: You are frail. (-10% HP) [an orb of fire]
 66442 | Zot:5    | Lost mutation: Your muscles are very strong. (Str +8,
                  | Int/Dex -2) [an orb of fire]
 66443 | Zot:5    | Killed an orb of fire
 66463 | Zot:5    | Noticed a Killer Klown
 66484 | Zot:5    | Killed a Killer Klown
 66500 | Zot:5    | Noticed a dread lich
 66502 | Zot:5    | Received a gift from Okawaru
 66503 | Zot:5    | Noticed an orb of fire
 66508 | Zot:5    | Gained mutation: You are dopey. (Int -2) [an orb of fire]
 66510 | Zot:5    | Gained mutation: Armour fits poorly on your strangely
                  | shaped body. [an orb of fire]
 66512 | Zot:5    | Noticed an orb of fire
 66517 | Zot:5    | Killed a dread lich
 66520 | Zot:5    | Gained mutation: You sometimes lose the ability to read
                  | scrolls when taking damage. [an orb of fire]
 66521 | Zot:5    | Killed an orb of fire
 66530 | Zot:5    | Killed an orb of fire
 66536 | Zot:5    | Noticed an orb of fire
 66537 | Zot:5    | Noticed an orb of fire
 66545 | Zot:5    | Noticed a Killer Klown
 66546 | Zot:5    | Gained mutation: Your muscles are very strong. (Str +8,
                  | Int/Dex -2) [an orb of fire]
 66550 | Zot:5    | Killed an orb of fire
 66550 | Zot:5    | Gained mutation: Potions are less effective at restoring
                  | your health. [an orb of fire]
 66553 | Zot:5    | Killed an orb of fire
 66553 | Zot:5    | Killed a Killer Klown
 66692 | Zot:5    | Identified the +0 ring mail "Izxie" {Str+4}
 66715 | Zot:5    | Noticed an ancient lich
 66726 | Zot:5    | Noticed an orb of fire
 66729 | Zot:5    | Killed an ancient lich
 66745 | Zot:5    | Lost mutation: Your muscles are very strong. (Str +8,
                  | Int/Dex -2) [an orb of fire]
 66746 | Zot:5    | Killed an orb of fire
 66750 | Zot:5    | Received a gift from Okawaru
 66750 | Zot:5    | Noticed an orb of fire
 66752 | Zot:5    | Noticed an orb of fire
 66757 | Zot:5    | Gained mutation: You occasionally shout uncontrollably at
                  | your foes. [an orb of fire]
 66758 | Zot:5    | Lost mutation: Your muscles are strong. (Str +4, Int/Dex
                  | -1) [an orb of fire]
 66761 | Zot:5    | Gained mutation: You have hidden genetic defects. [an orb
                  | of fire]
 66761 | Zot:5    | Gained mutation: You are very clumsy. (Dex -4) [an orb of
                  | fire]
 66763 | Zot:5    | Killed an orb of fire
 66765 | Zot:5    | Killed an orb of fire
 66768 | Zot:5    | Noticed a Killer Klown
 66804 | Zot:5    | Killed a Killer Klown
 66811 | Zot:5    | Lost mutation: Potions are less effective at restoring your
                  | health. [potion of mutation]
 66811 | Zot:5    | Lost mutation: You are dopey. (Int -2) [potion of mutation]
 66811 | Zot:5    | Lost mutation: You are frail. (-10% HP) [potion of
                  | mutation]
 66812 | Zot:5    | Lost mutation: You have hidden genetic defects. [potion of
                  | mutation]
 66812 | Zot:5    | Lost mutation: You expend magic power (3 MP) to strengthen
                  | your wands. [potion of mutation]
 66812 | Zot:5    | Lost mutation: You occasionally shout uncontrollably at
                  | your foes. [potion of mutation]
 66812 | Zot:5    | Lost mutation: You are very clumsy. (Dex -4) [potion of
                  | mutation]
 67205 | D:14     | Bought a potion of curing for 51 gold pieces
 67205 | D:14     | Bought a potion of curing for 51 gold pieces
 67205 | D:14     | Bought a potion of cancellation for 136 gold pieces
 67205 | D:14     | Bought a potion of mutation for 136 gold pieces
 67205 | D:14     | Bought a potion of curing for 51 gold pieces
 67205 | D:14     | Lost mutation: You sometimes lose the ability to read
                  | scrolls when taking damage. [potion of mutation]
 67205 | D:14     | Lost mutation: You occasionally lose the ability to read
                  | scrolls when taking damage. [potion of mutation]
 67205 | D:14     | Lost mutation: Your system is resistant to poisons. (rPois)
                  | [potion of mutation]
 67205 | D:14     | Gained mutation: You have hidden genetic potential. [potion
                  | of mutation]
 67205 | D:14     | Gained mutation: You are weak. (Str -2) [potion of
                  | mutation]
 67205 | D:14     | Gained mutation: You have sharp toenails. [potion of
                  | mutation]
 67561 | Zot:5    | Noticed a dread lich
 67571 | Zot:5    | Killed a dread lich
 67756 | Zot:5    | Got the Orb of Zot
 67962 | Zot:1    | Noticed Igicw the pandemonium lord
 68129 | D:13     | Identified the +2 ring mail of the Ditch-Digger {Str+4}
                  | (Okawaru gifted it to you on level 13 of the Dungeon)
 68129 | D:13     | Received a gift from Okawaru
 68522 | D:$      | Escaped with the Orb!

Illustrated notes

Levels and vault maps discovered:
D:1:      minmay_arrival_shattered_statue, layout_basic
D:2:      minmay_skewed_foursquare, layout_basic, minivault_5,
          nicolae_nh_oracle_at_delphi, uniq_terence
D:3:      minmay_wonky_spiral, layout_basic,
          shapermc_ecumenical_altar_mp_highgroup, serial_glass, glass_columns_a,
          glass_columns_a, minmay_shallow_snake_nest
D:4:      layout_loops_corners, cheibrodos_ashenzari_chains, serial_shops,
          kennysheep_little_box
D:5:      layout_loops_ring, portal_sewer_entry_c, minivault_24
D:6:      layout_basic, mainiacjoe_overflow_24_doors
D:7:      layout_rooms, minmay_temple_entry_trees, enter_ossuary_1,
          serial_shops, nicolae_shop_tiny_waterfront, minmay_gold_behind_fungi,
          nicolae_island_escapes, uniq_prince_ribbit1
D:8:      layout_basic, nicolae_yredelemnul_corpse_copse
D:9:      layout_basic
D:10:     layout_rooms, mainiacjoe_overflow_six_doors_small, david_orc_5
D:11:     layout_rooms, erik_lair_orcish_takeover
D:12:     layout_irregular_city, demons_altar
D:13:     kennysheep_spiral_hall, layout_gridville, david_vaults_2,
          grunt_ministairs_11, nicolae_figureground_sparkle, uniq_urug
D:14:     layout_loops_ring, portal_ice_cave_entry_pillars_2, serial_shops, shop
D:15:     hangedman_depths_entry_try_elsewhere_first, layout_stronghold,
          chequers_garden
Temple:   mainiacjoe_temple_coin_purse
Lair:1:   layout_regular_city, gauntlet_entry_generic, columned_hall_lemuel,
          minivault_24, infiniplex_staircase_pool, uniq_nergalle, uniq_amaemon
Lair:2:   layout_cave_pods, beast_lair_carwin_4
Lair:3:   nzn_winding_woodlands_small [nzn_winding_woodlands_5x15_lazy_stream,
          nzn_winding_woodlands_center_lodge, nzn_winding_woodlands_5x15_twine],
          layout_chaotic_city, shoals_dummy_entry,
          nicolae_spider_entry_tight_spaces
Lair:4:   layout_misc_corridors, nicolae_volcano_entry_hallway,
          hangedman_tree_tricks
Lair:5:   wormcave, layout_small_grid, minmay_slime_entry_pillars, uniq_sonja
Shoals:1: cheibrodos_shoals_satyrical_garden, layout_shoals,
          nicolae_shoals_square_sea_wall
Shoals:2: layout_shoals, serial_shops, shop
Shoals:3: layout_shoals, nicolae_shoals_goliath_grotto, uniq_polyphemus
Shoals:4: shoals_end_grunt_ice, layout_shoals, serial_shops,
          nicolae_shop_waterfront, shop, nicolae_shop_back_alley_shop
Spider:1: layout_spider_delve
Spider:2: layout_spider_delve, nicolae_spider_cling_ruins,
          nicolae_spider_circle_web
Spider:3: layout_spider_delve, nicolae_spider_twisty_arc_passages, uniq_arachne,
          uniq_nikola
Spider:4: hellmonk_spider_rune_bug_friends, uniq_donald
Slime:1:  layout_caves
Slime:2:  layout_caves
Slime:3:  layout_caves, cheibrodos_slime_lost_civilization_4
Slime:4:  layout_caves
Slime:5
Orc:1:    layout_caves, serial_shops, shop, nicolae_lakefront_shop,
          lemuel_statue_altar, uniq_gastronok
Orc:2:    st_orc_congregation, layout_caves, serial_shops,
          nicolae_shop_waterfront
Elf:1:    nicolae_elf_arrival_dilemma, layout_geoelf_diagonals,
          minmay_elf_demonology
Elf:2:    elven_hall_of_blades_hangedman_original [nicolae_blade_lattice],
          layout_loops_ring, uniq_azrael
Elf:3:    grunt_elf_hall_spiral, layout_geoelf_diagonals,
          ebering_ghost_inner_flame, drop_trap, st_stairs_14, uniq_louise
Vaults:1: v_rooms_3, v_pattern_1, v_misc_22,
          nicolae_vaults_trapezoid_lopsided_3, vaults_room_pools,
          nicolae_vaults_turnstiles, nicolae_vaults_storage_closets_3,
          vaults_mumra_hex, ontoclasm_vaults_misaligned,
          nicolae_vaults_diamond_1, nicolae_vaults_offset_grid_hallway_3,
          nicolae_vaults_weapon_check, nicolae_vaults_statue_guard,
          nicolae_vaults_offset_grid_hallway_1, layout_vaults_chaotic_city
Vaults:2: v_alt_pattern_2, nicolae_vaults_double_plus_3,
          nicolae_vaults_network_quinsquares
          [nicolae_vaults_network_quincunx_subvault,
          nicolae_vaults_network_quincunx_subvault,
          nicolae_vaults_network_quincunx_subvault,
          nicolae_vaults_network_quincunx_subvault], ontoclasm_vaults_tryst,
          minmay_crypt_entry_necro_gods, nicolae_vaults_storage_closets_1,
          nicolae_vaults_tangram_2, ontoclasm_vaults_chip,
          ontoclasm_vaults_fault, v_alt_pattern_6, st_lattice,
          layout_vaults_omnigrid, serial_shops, bzr_entry_safe
Vaults:3: hangedman_vaults_corner, vaults_room_fancy_cross,
          ontoclasm_vaults_decontamination, v_misc_17, vaults_dpeg_hooks,
          grunt_vaults_funnel, nicolae_vaults_swerve,
          hangedman_vaults_corner_blocks, ontoclasm_vaults_eye,
          nicolae_vaults_closet_pinwheel_6, nicolae_vaults_diamond_2,
          layout_vaults_omnicross, serial_glass
Vaults:4: vaults_room_hangedman_quadrants, v_misc_30,
          nicolae_vaults_network_square, nicolae_vaults_ellipses_ellipsis,
          nicolae_vaults_specimen_jars, nicolae_vaults_tetromino_Z_2,
          nicolae_vaults_little_ls, v_rooms_2, nicolae_vaults_closet_pinwheel_5,
          nicolae_vaults_mitosis, v_alt_pattern_1, vaults_room_hallway,
          layout_vaults_maze_snakey
Vaults:5
Crypt:1:  layout_basic, ebering_ghost_reflecting_pool, hangedman_weighted_door,
          grunt_crypt_arrival_webbed, roderic_lattice_octagonal_star, uniq_grunn
Crypt:2:  layout_misc_corridors, uniq_josephina
Crypt:3:  david_glass_crypt, layout_gridlike,
          nicolae_tomb_entry_unfolded_pyramid_orthogonal
Tomb:1
Depths:1: layout_gridlike, grunt_hell_entry_dis_old, xom_teletrap_fun, hex_tiny,
          lightli_corner_chamber, minmay_shop_grove
Depths:2: minmay_coctagon, layout_gridlike, hangedman_abyss_or_decor_slice,
          rand_demon_pan_entry_9, hell_entry, trog_three_pillars_becter,
          minmay_staircase_statues, serial_bayou_shore_b
Depths:3: nicolae_herringbone, layout_basic, enter_ziggurat_a,
          rand_demon_pan_entry_7, serial_corexii_hall,
          chequers_hall_statues_wall_a, corexii_hall_statues_deadend,
          corexii_hall_statues_l, hell_entry, abyss_entry_flame_altar,
          lemuel_blue_sif_altar, uniq_jory, uniq_xtahua, uniq_margery
Depths:4: grunt_zot_entry_funnels, layout_long_grid, old_standard_altar,
          pf_coc_iceberg, gammafunk_ghost_tricky_traps, minmay_shop_star,
          uniq_mennas
Hell
Zot:1:    layout_misc_corridors, door_vault, grunt_megastairs_3
Zot:2:    gammafunk_sealed_library, layout_cellular_growth,
          nicolae_diode_intersection, uniq_parghit
Zot:3:    layout_gridlike, ebering_ghost_xom
Zot:4:    layout_cellular_growth, hangedman_elemental_grid_stream,
          grunt_megastairs_2
Zot:5:    layout_basic, gammafunk_ghost_grave

Skill      XL: |  1  2  3  4  5  6  7  8  9 10 11 12 13 14 15 16 17 18 19 20 21 22 23 24 25 26 27 |
---------------+----------------------------------------------------------------------------------+-----
Axes           | 3 4 5 6 8 10 11 13 14 15 17 18 19 20 21 22 23 24 25 27 | 27.0
Fighting       | 4 5 6 7 8 9 10 11 12 13 14 15 17 19 20 22 23 25 26 27 | 27.0
Armour         | 4 5 6 7 8 9 10 11 12 13 14 15 17 18 19 20 23 | 23.8
Shields        | 5 6 7 8 10 11 12 13 14 15 21 | 21.3
Invocations    | 1 4 5 7 8 10 11 13 15 21 | 21.0
Evocations     | 1 3 4 5 7 9 12 24 | 24.1
Dodging        | 2 4 6 |  6.0

Action                     |  1- 3 |  4- 6 |  7- 9 | 10-12 | 13-15 | 16-18 | 19-21 | 22-24 | 25-27 || total
---------------------------+-------+-------+-------+-------+-------+-------+-------+-------+-------++-------
  Melee: War axe           |    49 |   155 |   189 |    10 |       |       |       |       |       ||   403
         Battleaxe         |       |       |    57 |   583 |   860 |  1244 |  1495 |   749 |       ||  4988
         Broad axe         |       |       |       |       |    70 |       |       |       |       ||    70
         Trident           |       |       |       |       |       |       |   191 |       |       ||   191
         Demon trident     |       |       |       |       |       |       |    12 |       |       ||    12
         Executioner's axe |       |       |       |       |       |       |       |   495 |  2390 ||  2885
         Shillelagh        |       |       |       |       |       |       |       |       |    16 ||    16
  Throw: Dart              |       |       |     2 |     6 |       |       |       |       |       ||     8
         Javelin           |       |       |       |       |       |       |       |     8 |     2 ||    10
 Invoke: Heroism           |       |       |       |     6 |     1 |     6 |     4 |     5 |    14 ||    36
         Finesse           |       |       |       |     2 |     1 |       |     1 |     6 |    11 ||    21
Ability: Dig               |       |       |       |     5 |    12 |    11 |    11 |     2 |     8 ||    49
  Evoke: Lightning rod     |       |       |       |     3 |       |       |       |       |       ||     3
         Wand              |       |       |       |       |       |     2 |       |       |    19 ||    21
    Use: Scroll            |       |     9 |     8 |    12 |     4 |     9 |     2 |     7 |    16 ||    67
         Potion            |       |     3 |     2 |    12 |     1 |     4 |     1 |    11 |    16 ||    50
   Stab: Distracted        |       |       |       |       |       |     1 |       |     2 |     1 ||     4
 Armour: Scale mail        |    30 |       |       |       |       |       |       |       |       ||    30
         Plate armour      |     2 |    96 |   190 |   248 |   208 |   471 |   390 |   404 |   397 ||  2406
         Gold dragon scale |       |       |       |       |       |       |       |       |   227 ||   227
  Dodge: Dodged            |    26 |    51 |   102 |   148 |    23 |    99 |   338 |   168 |   296 ||  1251
         Repelled          |       |       |       |       |       |     3 |    24 |    11 |    30 ||    68
  Block: Buckler           |    17 |    36 |    87 |   180 |       |       |       |       |       ||   320
         Kite shield       |       |       |       |   254 |  1106 |  1825 |  1903 |  1417 |  2385 ||  8890
         Reflection        |       |       |       |       |    19 |    16 |       |       |       ||    35
